 Dungeon Crawl Stone Soup version 0.31-a0-1223-gfd5aef93c1 (webtiles) character file.

Game seed: 5785588209980287488

5476 Ivernyr the Cruncher (level 11, -4/87 HPs)
             Began as a Formicid Fighter on Dec 14, 2023.
             Was an Initiate of Wu Jian.
             Succumbed to barbed spike wounds
             ... on level 8 of the Dungeon.
             The game lasted 00:14:05 (7712 turns).

Ivernyr the Cruncher (Formicid Fighter)             Turns: 7712, Time: 00:14:05

Health: -4/87      AC: 11    Str: 31    XL:     11   Next: 0%
Magic:  11/11      EV: 10    Int:  8    God:    Wu Jian [......]
Gold:   421        SH:  6    Dex: 13    Spells: 10/10 levels left

rFire   + . .        a - +0 quarterstaff
rCold   . . .        c - +0 buckler
rNeg    . . .        b - +0 scale mail
rPois   .            (helmet unavailable)
rElec   .            l - scarf {repulsion}
rCorr   .            j - +2 pair of gloves
SInv    +            (no boots)
Will    +....        (no amulet)
Stlth   x              - +6 ring of strength
HPRegen 0.34/turn    H - ring of protection from fire
MPRegen 0.12/turn

%: repel missiles
@: spiked
A: permanent stasis, dig shafts and tunnels, antennae 3, four strong arms
a: Dig, Shaft Self, Renounce Religion


You were on level 8 of the Dungeon.
You worshipped Wu Jian.
Wu Jian was noncommittal.
You visited 2 branches of the dungeon, and saw 10 of its levels.

You collected 421 gold pieces.

Inventory:

Hand Weapons
 a - a +0 quarterstaff (weapon)
Armour
 b - a +0 scale mail (worn)
 c - a +0 buckler (worn)
 j - a +2 pair of gloves (worn)
 l - a scarf of repulsion (worn)
Jewellery
 w - a ring of flight
 x - a +6 ring of strength (left hand)
 H - a ring of protection from fire (right hand)
Wands
 n - a wand of flame (7)
 B - a wand of charming (1)
Scrolls
 d - a scroll of torment {unknown}
 e - 2 scrolls of revelation {unknown}
 f - 6 scrolls of identify {unknown}
 h - 2 scrolls of poison {unknown}
 m - 5 scrolls of teleportation {unknown}
 o - a scroll of fear {unknown}
 q - a scroll of noise {unknown}
 t - 2 scrolls of vulnerability {unknown}
 u - a scroll of acquirement {unknown}
 v - a scroll of brand weapon {unknown}
 y - a scroll of blinking {unknown}
 A - a scroll of summoning {unknown}
 C - a scroll of silence {unknown}
 E - a scroll of fog {unknown}
Potions
 g - a potion of berserk rage {unknown}
 i - 6 potions of curing
 k - a potion of degeneration {unknown}
 p - a potion of brilliance {unknown}
 r - 2 potions of haste {unknown}
 s - a potion of mutation {unknown}
 z - 2 potions of lignification {unknown}
 D - a potion of resistance {unknown}
 F - a potion of ambrosia {unknown}
 G - a potion of invisibility {unknown}


   Skills:
 + Level 8.3 Fighting
 * Level 10.2 Staves
 + Level 8.4 Armour
 + Level 10.0 Shields


You had 10 spell levels left.
You didn't know any spells.
Your spell library contained the following spells:

 Spells                   Type           Power      Damage    Failure   Level
 Sandblast                Erth           0%         2d4       65%         1
 Ensorcelled Hibernation  Hex/Ice        0%         N/A       80%         2
 Passwall                 Tmut/Erth      0%         N/A       80%         2
 Stone Arrow              Conj/Erth      0%         3d7       95%         3
 Brom's Barrelling Bould  Conj/Erth      0%         2d3       100%        4
 Swiftness                Air            Unusable   N/A       N/A         3

Dungeon Overview and Level Annotations

Branches:
Dungeon (9/15)             Temple (1/1) D:7
   Lair: D:8-11         Orc: D:9-12

Altars:
Ashenzari
Cheibriados
Dithmenos
Elyvilon
Fedhas
Gozag
Hepliaklqana
Kikubaaqudgha
Makhleb
Okawaru
Qazlal
Ru
Trog
Uskayaw
Vehumet
Wu Jian
Xom
Yredelemnul
Zin
The Shining One

Shops:
D:1 [[[(   D:3 *

Annotations:
D:4 3 runed translucent doors, leebro123's ghost, amateur OpSh
D:7 1 runed translucent door
D:9 Grum


Innate Abilities, Weirdness & Mutations

You cannot be hasted, slowed, berserked, paralysed or teleported.
You can dig through walls and to a lower floor.
You have a pair of large antennae on your head. (SInv)
Your four strong arms can wield two-handed weapons with a shield.


Message History

You thump the wyvern!
The wyvern is heavily wounded.
The wyvern barely misses you. You block the wyvern's attack.
You hit the wyvern but do no damage.
The wyvern is heavily wounded.
The wyvern barely misses you.
You closely miss the wyvern.
The wyvern is heavily wounded.
The kobold demonologist miscasts a cantrip.
The wyvern bites you! The red devil closely misses you.
You sock the wyvern!
The wyvern is almost dead.
The chaos spawn degenerates into a cloud of primal chaos!
The wyvern bites you!
The kobold demonologist looks satisfied for a moment.
The red devil barely misses you.
You barely miss the wyvern.
The wyvern is almost dead.
The wyvern barely misses you.
The kobold demonologist casts a cantrip, but nothing happens.
You sock the wyvern!
You kill the wyvern!
The Council accepts your kill.
The red devil hits you from afar with a +0 trident.
Barbed spikes become lodged in your body.
Your Shields skill increases to level 10!
You have reached level 11!
The red devil hits you from afar with a +0 trident!
* * * LOW HITPOINT WARNING * * *
Barbed spikes become lodged in your body.
You begin to dig a shaft.
You continue digging a shaft.
The red devil hits you from afar with a +0 trident!
* * * LOW HITPOINT WARNING * * *
Barbed spikes become lodged in your body.
The kobold demonologist mumbles some strange words.
A shaft appears beneath you!
You fall into a shaft and drop 2 floors!
The shaft crumbles and collapses.
The barbed spikes dig painfully into your body as you move.
You die...

.####............##.#..#.#.#.#
....)..........#)##.#..#.#.#.#
#######........#)##.#..#.#.#.# ##
#.######.#.##.#..#.#.#.# #. #.#
#....#.##.#.)#.#.#.# #.
#.###.#..#.##.#4.#.#.#.# #.
#######.#.#.#..#....#>.#.#.#.# #.
......#.#.#.#..######..#.#.#.# #.
#####.#.#.#.#...@†4K44.#...#.###.
#.#.#.#.#..#.#####.#####.##..
#(#.#.#...........<....#.##..
#.#.#...#.##.#####.###.#.##..
#.#.#...........##.# #.#..†.#
#.#.#...#.##.##.##.# #.######
#####.#.#....)#...#.##.# #.#
........#..##)###.#.##.# #.#
#####.#.#.|.)...#.#.##.# #.#


You could see an ice devil (summoned), a kobold demonologist, a red devil
(summoned) and a chaos spawn (summoned).

Vanquished Creatures
  Gastronok (D:8)
  A two-headed ogre (D:8)
  A wraith (D:8)
  A wyvern (D:8)
  5 yaks (D:8)
  A steam dragon (D:7)
  2 water moccasins
  An ice beast (D:5)
  2 black bears
  An orc warrior (D:8)
  An ogre (D:6)
  3 wolves (D:8)
  A centaur (D:8)
  A phantom (D:5)
  8 bullfrogs
  A scorpion (D:5)
  10 wights
  2 howler monkeys (D:7)
  4 hounds
  2 jellies
  A sleepcap (D:8)
  Jessica (D:3)
  2 iguanas (D:5)
  3 orc wizards
  5 adders
  2 shadow imps
  4 white imps
  2 worms
  A dart slug (D:1)
  22 orcs
  6 ball pythons
  5 endoplasms
  3 giant cockroaches
  5 goblins
  9 hobgoblins
  4 jackals (D:1)
  5 quokkas
  4 bats
  2 frilled lizards (D:2)
  A goblin skeleton (D:7)
  A jackal zombie (D:7)
  8 kobolds
  A kobold skeleton (D:7)
  3 rats (D:2)
149 creatures vanquished.

Notes
Turn   | Place    | Note
-------+----------+-------------------------------------------
     0 | D:1      | Ivernyr the Formicid Fighter began the quest for the Orb.
     0 | D:1      | Reached XP level 1. HP: 18/18 MP: 1/1
    90 | D:1      | Reached XP level 2. HP: 24/24 MP: 2/2
   334 | D:1      | Found Haesh's Armour Emporium.
   359 | D:1      | Found Lapn's Antique Weapon Shop.
   507 | D:1      | Found Keomeica's Antique Armour Emporium.
   538 | D:1      | Reached XP level 3. HP: 20/29 MP: 3/3
   556 | D:1      | Found Janauc's Antique Armour Boutique.
  1014 | D:2      | Found a faded altar of an unknown god.
  1232 | D:2      | Reached XP level 4. HP: 36/37 MP: 4/4
  1642 | D:3      | Noticed Jessica
  1649 | D:3      | Killed Jessica
  1754 | D:3      | Found a broken altar of Ashenzari.
  1811 | D:3      | Found a glowing silver altar of Zin.
  1812 | D:3      | Found Zin's Purification Station.
  1881 | D:3      | Found a radiant altar of Vehumet.
  1918 | D:3      | Found a white marble altar of Elyvilon.
  2257 | D:3      | Reached XP level 5. HP: 42/42 MP: 5/5
  2700 | D:4      | Identified the +7 spear "Tulexu" {elec, *Noise Int+8}
  2709 | D:4      | Noticed leebro123's ghost (amateur OpSh)
  2789 | D:4      | Found a runed translucent gate.
  2789 | D:4      | Found a runed translucent gate.
  2789 | D:4      | Found a runed translucent gate.
  2832 | D:4      | Noticed a black bear
  2842 | D:4      | Reached skill level 5 in Shields
  2848 | D:4      | Killed a black bear
  2849 | D:4      | Reached XP level 6. HP: 41/49 MP: 6/6
  2977 | D:5      | Entered Level 5 of the Dungeon
  3137 | D:5      | Reached XP level 7. HP: 44/55 MP: 7/7
  3248 | D:5      | Reached skill level 5 in Staves
  3335 | D:5      | Noticed a water moccasin
  3344 | D:5      | Killed a water moccasin
  3345 | D:5      | Reached skill level 5 in Fighting
  3345 | D:5      | Reached skill level 5 in Armour
  3447 | D:5      | Reached XP level 8. HP: 62/62 MP: 8/8
  3860 | D:6      | Identified the +3 flail of the Scorned {flame, rN+ Str+2
                  | Int+4 SInv}
  4556 | D:6      | Found a stormy altar of Qazlal.
  4703 | D:7      | Reached XP level 9. HP: 54/69 MP: 9/9
  4776 | D:7      | Found a runed translucent door.
  4781 | D:7      | Found a basalt altar of Yredelemnul.
  4864 | D:7      | Found a staircase to the Ecumenical Temple.
  5779 | D:8      | Noticed a two-headed ogre
  5786 | D:8      | Killed a two-headed ogre
  5787 | D:8      | Reached XP level 10. HP: 45/79 MP: 10/10
  6209 | D:8      | Found an ancient bone altar of Kikubaaqudgha.
  6211 | D:8      | Found an opulent altar of Gozag.
  7063 | D:8      | Noticed Gastronok
  7080 | D:8      | Killed Gastronok
  7081 | D:8      | Reached skill level 10 in Staves
  7493 | Temple   | Entered the Ecumenical Temple
  7502 | Temple   | Became a worshipper of the Wu Jian Council
  7553 | D:9      | Noticed Grum
  7553 | D:9      | Noticed a kobold demonologist
  7710 | D:8      | Reached skill level 10 in Shields
  7710 | D:8      | Reached XP level 11. HP: 27/87 MP: 11/11
  7711 | D:8      | HP: 1/87 [red devil/+0 trident[a kobold demonologist] (10)]
  7712 | D:8      | You fall into a shaft and drop 2 floors!
  7712 | D:8      | Succumbed to barbed spike wounds

Illustrated notes

Levels and vault maps discovered:
D:1:      amcnicky_arrival_feature_with_door, layout_basic, serial_shops,
          nicolae_shop_tiny_real_fake_doors, shop, shop_fountains,
          nicolae_shop_just_a_little_nook, minivault_4
D:2:      layout_basic, basic_ecumenical_altar, minmay_unequal
D:3:      layout_basic, zin_purify, mainiacjoe_overflow_24_doors,
          vehumet_altar_wand_db, lemuel_doored_altar, uniq_jessica
D:4:      layout_cave_pools, gammafunk_ghost_icy
D:5:      layout_basic
D:6:      layout_basic, marbit_many_paths
D:7:      layout_rooms, dk_yredelemnul_ordeal, minmay_temple_entry_glassed_door
D:8:      layout_basic, chequers_temple_overflow_statue_of_worship,
          uniq_gastronok
D:9:      layout_long_grid, mainiacjoe_overflow_alcove_4, uniq_grum
Temple:   nicolae_temple_ecumenical_triangle

Skill      XL: |  1  2  3  4  5  6  7  8  9 10 |
---------------+-------------------------------+-----
Staves         | 3 4 5 6 8 10 | 10.2
Armour         | 4 5 6 7 8 |  8.4
Fighting       | 4 5 6 7 8 |  8.3
Shields        | 5 6 7 8 10 | 10.0

Action                     |  1- 3 |  4- 6 |  7- 9 | 10-12 || total
---------------------------+-------+-------+-------+-------++-------
  Melee: Quarterstaff      |    79 |   144 |   236 |   181 ||   640
Ability: Shaft Self        |       |       |       |     1 ||     1
    Use: Potion            |       |       |     1 |     1 ||     2
 Armour: Scale mail        |    52 |   121 |   182 |    97 ||   452
  Dodge: Dodged            |    37 |    73 |   111 |    57 ||   278
         Repelled          |       |       |     2 |       ||     2
  Block: Buckler           |    24 |    38 |    53 |    44 ||   159

Table legend: (Time is in decaauts)
 A = Elapsed time spent in this place.
 B = Non-inter-level travel time spent in this place.
 C = Inter-level travel time spent in this place.
 D = Time resting spent in this place.
 E = Time spent auto-exploring this place.
 F = Levels seen in this place.
 G = Mean time per level.
                   A        B        C        D        E       F      G
               +--------+--------+--------+--------+--------+-----+--------+
         Total |   7723 |   7429 |    294 |    996 |   5018 |  10 |  772.3 |
       Dungeon |   7705 |   7411 |    294 |    996 |   5018 |   9 |  856.1 |
        Temple |     18 |     18 |      0 |      0 |      0 |   1 |   18.0 |
               +--------+--------+--------+--------+--------+-----+--------+

Top non-repeatable levels by time:
     D:8: 2113 daAuts
     D:2: 904 daAuts
     D:6: 876 daAuts
     D:7: 868 daAuts
     D:5: 823 daAuts
     D:3: 818 daAuts
     D:1: 758 daAuts
     D:4: 533 daAuts
  Temple: 18 daAuts
     D:9: 7 daAuts
